 Dungeon Crawl Stone Soup version 0.29.0-4-gdea44cf6ec (webtiles) character file.

Game seed: 11046678980866147012

272 qw the Chopper (level 6, -5/35 HPs)
             Began as a Tengu Warper on Aug 28, 2022.
             Slain by an orc
             ... wielding a +0 trident of venom
              (6 damage)
             ... on level 3 of the Dungeon.
             The game lasted 00:00:13 (2616 turns).

qw the Chopper (Tengu Warper)                       Turns: 2616, Time: 00:00:14

Health: -5/35      AC: 11    Str: 13    XL:     6   Next: 23%
Magic:  10/10      EV:  4    Int: 14    God:
Gold:   103        SH:  0    Dex: 13    Spells: 9/9 levels left

rFire   . . .      SeeInvis .   Y - +0 hand axe
rCold   . . .      Faith    .   (no shield)
rNeg    . . .      Spirit   .   j - +0 plate armour
rPois   .          Reflect  .   (helmet restricted)
rElec   .          Harm     .   (no cloak)
rCorr   .          Rampage  .   (no gloves)
Will    .....                   (boots unavailable)
Stlth   ..........              (no amulet)
HPRegen 0.11/turn               (no ring)
MPRegen 0.12/turn               (no ring)

@: lethally poisoned (-5 -> -12), flying quickly and evasively, quick
A: beak, talons 3, nimble flight
a: no special abilities


You were on level 3 of the Dungeon.
You visited 1 branch of the dungeon, and saw 3 of its levels.

You collected 103 gold pieces.


Innate Abilities, Weirdness & Mutations

You have a beak for a mouth.
You have claws for feet.
Your magical nature lets you fly swiftly and evasively.


   Skills:
 - Level 2.0 Fighting
 + Level 6.5 Axes
 - Level 1.0 Throwing
 - Level 2.5 Armour
 - Level 2.1 Dodging
 - Level 2.0 Spellcasting
 - Level 2.4 Translocations


You had 9 spell levels left.
You didn't know any spells.
Your spell library contained the following spells:

 Spells                   Type           Power      Damage    Failure   Level
 Blink                    Tloc           16%        N/A       100%        2
 Gell's Gravitas          Tloc           8%         N/A       100%        3
 Lesser Beckoning         Tloc           8%         N/A       100%        3
 Teleport Other           Tloc           8%         N/A       100%        3
 Manifold Assault         Tloc           8%         N/A       100%        5

Inventory:

Hand Weapons
 l - a +0 whip
 Y - a +0 hand axe (weapon)
Armour
 j - a +0 plate armour (worn)
Potions
 d - a potion of haste
 e - a potion of heal wounds {unknown}
 f - a potion of brilliance {unknown}
 g - a potion of magic {unknown}
 h - a potion of mutation {unknown}
 k - a potion of attraction {unknown}

Dungeon Overview and Level Annotations

Branches:
Dungeon (3/15)

Altars:

Annotations:
D:3 Grinder


Message History

The quokka bites you. The orc hits you but does no damage.
You are poisoned.
Grinder gestures at you. Pain shoots through your body!
You miss the quokka. You claw the quokka.
The quokka is severely wounded.
You feel sick. The quokka barely misses you. The orc barely misses you.
The quokka twitches its whiskers.
The quokka bites you but does no damage.
You barely miss the quokka. You peck the quokka, but do no damage.
The quokka is severely wounded.
You hit Grinder.
You feel sick.
The orc hits you from afar with a +0 trident of venom.
Grinder blinks!
The quokka bites you but does no damage.
You barely miss the quokka. Your kick misses the quokka.
The quokka is severely wounded.
You feel sick. The quokka bites you. The orc barely misses you.
You completely miss the quokka. Your kick misses the quokka.
The quokka is severely wounded.
You hit the orc wizard. You closely miss the orc.
You feel sick.
The quokka bites you but does no damage.
The orc hits you but does no damage. x2
You are lethally poisoned!
The orc wizard hits you but does no damage.
You hit the quokka.
You kill the quokka!
You closely miss the orc wizard. You hit the orc.
You feel sick. The orc hits you but does no damage. The orc barely misses you.
The orc wizard barely misses you.
You hit the orc.
You kill the orc!
You closely miss Grinder. You miss the orc wizard.
You feel sick. Grinder hits you.
The orc wizard points at you and mumbles some strange words.
The magic dart hits you but does no damage.
The orc hits you from afar with a +0 trident of venom.
You die...

#...........#
#...........#
#...........#
#...........#
#...........#
#.....o.....#
#....o).....#
#...g5@.....#
#######.#####
#.# #.# #.#
#.# #.# #<#
###


You could see Grinder, an orc wizard, an orc and a hobgoblin.

Vanquished Creatures
  Sigmund (D:2)
  Terence (D:2)
  Natasha (twice) (D:2)
  A worm (D:2)
  An orc (D:3)
  4 ball pythons
  5 bats
  4 endoplasms
  2 giant cockroaches (D:1)
  2 goblins (D:2)
  2 hobgoblins (D:1)
  2 jackals (D:2)
  5 kobolds
  4 quokkas
  4 frilled lizards
  6 rats
46 creatures vanquished.

Vanquished Creatures (others)
  2 withered plants (D:2)
2 creatures vanquished.

Grand Total: 48 creatures vanquished

Notes
Turn   | Place    | Note
-------+----------+-------------------------------------------
     0 | D:1      | qw the Tengu Warper began the quest for the Orb.
     0 | D:1      | Reached XP level 1. HP: 12/12 MP: 4/4
     0 | D:1      | 0 ||| qw: Version: 0.1-a-89-g26bdef1
     0 | D:1      | 0 ||| qw: Game counter: 123
     0 | D:1      | 0 ||| qw: Always use a shield: true
     0 | D:1      | 0 ||| qw: God list: Okawaru
     0 | D:1      | 0 ||| qw: Allow faded altars: false
     0 | D:1      | 0 ||| qw: Do Orc after D:15 true
     0 | D:1      | 0 ||| qw: Do second Lair branch before Depths: true
     0 | D:1      | 0 ||| qw: Lair rune preference: random
     0 | D:1      | 0 ||| qw: Plans: Normal
     0 | D:1      | 0 ||| PLANNING D:1-11
   182 | D:1      | Reached skill level 3 in Axes
   182 | D:1      | Reached XP level 2. HP: 17/17 MP: 6/6
   377 | D:1      | 377 ||| Stepping ~*~*~tactically~*~*~ (stealth).
   378 | D:1      | 378 ||| Stepping ~*~*~tactically~*~*~ (stealth).
   833 | D:1      | 833 ||| UPGRADING to +0 ring mail.
   843 | D:1      | 843 ||| DROPPING +0 leather armour.
   844 | D:1      | 844 ||| UPGRADING to +0 plate armour.
   854 | D:1      | 854 ||| DROPPING +0 ring mail.
   855 | D:1      | 855 ||| READING scroll labelled LALUPUZ EMUSUJ.
   858 | D:1      | 858 ||| READING scroll labelled SAL RUCRORYOTU.
   859 | D:1      | 859 ||| DROPPING scroll of blinking.
   923 | D:2      | Noticed Natasha
   929 | D:2      | Killed Natasha
   930 | D:2      | Reached skill level 4 in Axes
   930 | D:2      | Reached XP level 3. HP: 12/21 MP: 7/7
  1089 | D:2      | 1089 ||| Stepping ~*~*~tactically~*~*~ (stealth).
  1187 | D:2      | Found a faded altar of an unknown god.
  1234 | D:2      | Noticed Natasha
  1246 | D:2      | HP: 2/21 [Natasha (4)]
  1247 | D:2      | Killed Natasha
  1248 | D:2      | Reached XP level 4. HP: 3/26 MP: 8/8
  1572 | D:2      | Noticed Sigmund
  1582 | D:2      | Killed Sigmund
  1583 | D:2      | Reached skill level 6 in Axes
  1583 | D:2      | Gained mutation: Your magical nature lets you fly swiftly
                  | and evasively. [Tengu growth]
  1583 | D:2      | Reached XP level 5. HP: 22/30 MP: 9/9
  1583 | D:2      | Reached XP level 6. HP: 25/35 MP: 10/10
  1959 | D:2      | 1959 ||| Stepping ~*~*~tactically~*~*~ (stealth).
  1973 | D:2      | 1973 ||| Stepping ~*~*~tactically~*~*~ (stealth).
  1975 | D:2      | 1975 ||| Stepping ~*~*~tactically~*~*~ (stealth).
  1977 | D:2      | 1977 ||| Stepping ~*~*~tactically~*~*~ (stealth).
  2010 | D:2      | 2010 ||| Stepping ~*~*~tactically~*~*~ (stealth).
  2011 | D:2      | 2011 ||| Stepping ~*~*~tactically~*~*~ (stealth).
  2046 | D:2      | 2046 ||| DROPPING +0 club.
  2068 | D:2      | Noticed Terence
  2078 | D:2      | Killed Terence
  2357 | D:2      | 2357 ||| READING scroll labelled LERYDGH JAWKA.
  2358 | D:2      | 2358 ||| READING scroll labelled YHERIN TOFUTI.
  2359 | D:2      | 2359 ||| READING scroll labelled BUOFID ZETUULYUMU.
  2360 | D:2      | 2360 ||| READING scroll labelled SYOTHI QOYTUO.
  2361 | D:2      | 2361 ||| DRINKING 2 brown potions.
  2362 | D:2      | 2362 ||| Stepping randomly (stuck).
  2363 | D:2      | 2363 ||| Stepping ~*~*~tactically~*~*~ (cloud).
  2607 | D:3      | Noticed Grinder
  2613 | D:3      | HP: 8/35 [quokka (3)]
  2616 | D:3      | HP: 3/35 [poisoned by an orc]
  2616 | D:3      | HP: 1/35 [Grinder (2)]
  2616 | D:3      | Slain by an orc

Levels and vault maps discovered:
D:1:      wander_arrival_chamber, layout_basic
D:2:      layout_loops_corners, ebering_ecumenical_altar_petrified,
          serial_aquarium, aquarium_bridge_square [aquarium_subvault_window,
          aquarium_subvault_wall, aquarium_subvault_bridge,
          aquarium_subvault_bridge], aquarium_window_1, aquarium_window_fake,
          aquarium_view_2b, aquarium_view_2c, aquarium_balcony_3a,
          aquarium_pool_double, minmay_ruptured, uniq_terence, uniq_natasha,
          uniq_sigmund
D:3:      layout_basic, amcnicky_altar_gilded, overflow_temple_1_default,
          uniq_jessica, uniq_robin, uniq_grinder

Skill      XL: |  1  2  3  4 |
---------------+-------------+-----
Axes           | 3 4 6 |  6.5
Armour         | 2 |  2.5
Fighting       | |  2.0
Throwing       | |  1.0
Dodging        | |  2.1
Spellcasting   | |  2.0
Translocations | |  2.4

Action                   |  1- 3 |  4- 6 || total
-------------------------+-------+-------++-------
Melee: Hand axe          |    62 |    45 ||   107
       Kick              |    19 |    13 ||    32
       Peck              |    10 |     8 ||    18
       Punch             |     1 |     2 ||     3
Throw: Boomerang         |     7 |       ||     7
  Use: Scroll            |     2 |     4 ||     6
       Potion            |       |     1 ||     1
Armor: Leather armour    |     9 |       ||     9
       Plate armour      |    24 |    25 ||    49
Dodge: Dodged            |    27 |    10 ||    37

Table legend:
 A = Non-vault XP
 B = Vault XP
 C = Vault XP percentage of total XP
 D = Non-vault monster count
 E = Vault monster count
 F = Vault count percentage of total count
                 A         B        C        D         E       F
            +---------+---------+-------+---------+---------+-------
      Total |     101 |     291 |  74.2 |      39 |       7 |  15.2
            +---------+---------+-------+---------+---------+-------
        D:1 |      30 |       0 |   0.0 |      18 |       0 |   0.0
        D:2 |      66 |     291 |  81.5 |      19 |       7 |  26.9
        D:3 |       5 |       0 |   0.0 |       2 |       0 |   0.0
            +---------+---------+-------+---------+---------+-------
